 Dungeon Crawl Stone Soup version 0.30.0-29-ga12c61a403 (webtiles) character file.

Game seed: 18067174994847649185

115 booth the Conjurer (level 4, -3/34 HPs)
             Began as a Demonspawn Reaver on June 25, 2023.
             Was a Follower of Dithmenos.
             Killed by divine providence
             ... invoked by an orc priest
              (14 damage)
             ... on level 3 of the Dungeon.
             The game lasted 00:18:37 (3083 turns).

booth the Conjurer (Demonspawn Reaver)              Turns: 3083, Time: 00:18:37

Health: -3/34      AC:  4    Str: 15    XL:     4   Next: 68%
Magic:  7/7        EV: 12    Int: 14    God:    Dithmenos [*.....]
Gold:   125        SH:  0    Dex: 11    Spells: 2/8 levels left

rFire   . . .        a - +0 hand axe
rCold   . . .        (no shield)
rNeg    + . .        b - +1 leather armour
rPois   .            (helmet restricted)
rElec   .            (no cloak)
rCorr   .            (no gloves)
SInv    .            (no boots)
Will    .....        (no amulet)
Stlth   +            k - ring of positive energy
HPRegen 0.25/turn    (no ring)
MPRegen 0.20/turn

%: no passive effects
@: wreathed by umbra
A: horns 1, magic regeneration
a: Renounce Religion


You were on level 3 of the Dungeon.
You worshipped Dithmenos.
Dithmenos was aware of your devotion.
You visited 1 branch of the dungeon, and saw 3 of its levels.

You collected 160 gold pieces.
You spent 35 gold pieces at shops.

Inventory:

Hand Weapons
 a - a +0 hand axe (weapon)
 o - a +3 flail
Missiles
 f - 3 javelins
 g - 6 boomerangs (quivered)
 n - 3 atropa-tipped darts
Armour
 b - a +1 leather armour (worn)
Jewellery
 k - a ring of positive energy (left hand)
Scrolls
 c - a scroll of torment
 l - a scroll of amnesia
 m - a scroll of magic mapping
Potions
 d - a potion of attraction {unknown}
 h - 2 potions of curing
 i - a potion of resistance
 j - 2 potions of might


   Skills:
 + Level 2.7 Fighting
 + Level 3.2 Axes
 + Level 2.5 Dodging
 + Level 2.6 Spellcasting
 + Level 3.6 Conjurations


You had 2 spell levels left.
You knew the following spells:

 Your Spells              Type           Power      Damage    Failure   Level
a - Kiss of Death         Conj/Necr      24%        2d7       13%         1
b - Momentum Strike       Conj/Tloc      12%        3d8       21%         2
c - Hailstorm             Conj/Ice       6%         3d4       36%         3

Your spell library contained the following spells:

 Spells                   Type           Power      Damage    Failure   Level
 Lesser Beckoning         Tloc           2%         N/A       38%         2
 Gell's Gravitas          Tloc           1%         N/A       63%         3
 Teleport Other           Tloc           1%         N/A       63%         3


Dungeon Overview and Level Annotations

Branches:
Dungeon (3/15)

Altars:
Dithmenos
Kikubaaqudgha

Shops:
D:3 (


Innate Abilities, Weirdness & Mutations

You have a pair of small horns on your head.
You regenerate magic rapidly.


Message History

The orc barely misses you.
You hit the orc.
You kill the orc!
Dithmenos accepts your kill. The adder closely misses you.
You hit the adder but do no damage.
The adder is heavily wounded.
The adder closely misses you.
You closely miss the adder. Your headbutt misses the adder.
The adder is heavily wounded.
The adder bites you.
You hit the adder.
The adder is severely wounded.
The adder barely misses you. The adder misses you.
You barely miss the adder.
The adder is severely wounded.
The adder bites you but does no damage. The adder bites you.
You closely miss the adder.
The adder is severely wounded.
The adder bites you.
You barely miss the adder. You headbutt the adder.
You kill the adder!
Dithmenos accepts your kill.
You barely miss the orc priest. You headbutt the orc priest.
The orc priest is moderately wounded.
The orc priest hits you with a +0 club.
* * * LOW HITPOINT WARNING * * *
The orc priest looks braver for a moment.
Throw: 6 boomerangs
Press: ? - help, Q - select action, (/) - cycle Shift-Dir - straight line, f - orc priest
Aim: an orc priest, wielding a +0 club (moderately wounded, umbra, 56% to hit)
You throw a boomerang. The boomerang hits the orc priest.
The orc priest is moderately wounded.
The orc priest calls upon Beogh to heal the orc priest.
The orc priest's wounds heal themselves!
The orc priest hits you but does no damage.
You barely miss the orc priest.
The orc priest mumbles some strange prayers to Beogh against you.
Beogh smites you!
You die...

...# oo..S...# ## ..
##.#### ♣o♣w# ..♣ #.
....... #...###.#
##.###. ###..>..# # .#
# ###)#.# .# .# #o# #
###.# ...... #o# ....#
.#.### #o# #####....#.
..... #@# .......♣♣.
..♣.P.
######'########...♣ ♣♣.
.♣ ♣♣
#.......†........♣♣♣♣PP
.
#........######...P♣.♣.
♣♣ #........# ##..♣P.P.
########## #...♣...
###..... ###... ####


You could see 2 orc priests and an orc.

Vanquished Creatures
  3 adders
  2 worms (D:2)
  4 dart slugs
  6 orcs (D:3)
  6 bats
  5 endoplasms
  5 giant cockroaches
  3 goblins
  8 hobgoblins
  3 jackals (D:1)
  4 kobolds
  2 quokkas
  8 ball pythons
  3 rats (D:1)
62 creatures vanquished.

Notes
Turn   | Place    | Note
-------+----------+-------------------------------------------
     0 | D:1      | booth the Demonspawn Reaver began the quest for the Orb.
     0 | D:1      | Reached XP level 1. HP: 16/16 MP: 3/3
   104 | D:1      | Gained mutation: You regenerate magic rapidly. [demonic
                  | ancestry]
   104 | D:1      | Reached XP level 2. HP: 12/22 MP: 5/5
   496 | D:1      | Reached XP level 3. HP: 5/28 MP: 6/6
   592 | D:1      | Learned a level 2 spell: Momentum Strike
   596 | D:1      | Learned a level 3 spell: Hailstorm
  1963 | D:2      | Gained mutation: You have a pair of small horns on your
                  | head. [demonic ancestry]
  1963 | D:2      | Reached XP level 4. HP: 31/34 MP: 7/7
  2425 | D:3      | Found an ancient bone altar of Kikubaaqudgha.
  2505 | D:3      | Found Zurel's Weapon Shop.
  2511 | D:3      | Bought 3 atropa-tipped darts for 35 gold pieces
  2899 | D:3      | Found a faded altar of an unknown god.
  2908 | D:3      | Prayed at the altar of an unknown god.
  2908 | D:3      | Became a worshipper of Dithmenos the Shadowed
  2908 | D:3      | Reached * piety under Dithmenos
  3083 | D:3      | Killed from afar by an orc priest

Illustrated notes

Levels and vault maps discovered:
D:1:      sevenhm_arrival_forest_fort_small_4, layout_rooms
D:2:      layout_basic, roderic_lattice_a, minmay_fountain_box,
          roderic_serpentine_path
D:3:      layout_basic, mainiacjoe_overflow_paths, serial_shops, shop,
          serial_forest, infiniplex_forest_end_2, infiniplex_forest_lined_2,
          infiniplex_forest_corner_1, infiniplex_forest_clump_medium,
          infiniplex_forest_lined_2, infiniplex_forest_3_way,
          infiniplex_forest_clump_medium, ebering_ecumenical_altar_webs,
          guppyfry_early_lair_pool

Skill      XL: |  1  2  3 |
---------------+----------+-----
Dodging        | 2 |  2.5
Axes           | 3 |  3.2
Fighting       | |  2.7
Spellcasting   | |  2.6
Conjurations   | |  3.6

Action                     |  1- 3 |  4- 6 || total
---------------------------+-------+-------++-------
  Melee: Hand axe          |   169 |    84 ||   253
         Punch             |     1 |     1 ||     2
         Headbutt          |       |    12 ||    12
  Throw: Javelin           |       |     3 ||     3
         Boomerang         |       |     2 ||     2
    Use: Scroll            |     4 |     6 ||    10
         Potion            |       |     1 ||     1
 Armour: Leather armour    |    57 |     9 ||    66
  Dodge: Dodged            |   115 |    48 ||   163
